 Dungeon Crawl Stone Soup version 0.26-a0-683-g5206c1d7ac (webtiles) character file.

Game seed: 1013740632974879861

207028 ANON1729 the Warrior (level 18, 0/160 HPs)
             Began as a Demonspawn Chaos Knight on Oct 21, 2020.
             Was a Plaything of Xom.
             Slain by a spark wasp (6 damage)
             ... on level 3 of the Lair of Beasts on Oct 22, 2020.
             The game lasted 01:58:50 (49751 turns).

ANON1729 the Warrior (Demonspawn Chaos Knight)     Turns: 49751, Time: 01:58:51

Health: 0/160      AC: 20    Str: 18      XL:     18   Next: 8%
Magic:  0/27       EV: 15    Int: 11      God:    Xom [*.....]
Gold:   5685       SH:  0    Dex: 18 (19) Spells: 16/17 levels left

rFire    + . .     SeeInvis +   V - +1 great mace (protect)
rCold    . . .     Faith    .   (shield currently unavailable)
rNeg     . . .     Spirit   +   I - +3 scale mail {rPois}
rPois    +         Reflect  .   (helmet unavailable)
rElec    .         Harm     .   E - +0 cloak
rCorr    .         Rampage  .   (no gloves)
MR       ++...     Rnd*Rage +   (no boots)
Stlth    +.........             W - amulet of magic regeneration
HPRegen  0.36/turn              y - ring of Rationality {+Blink MR+ Int-5 Dex+6 Slay+2}
MPRegen  0.65/turn              S - ring of Katenaa {MP+9 Slay+3}

@: sanguine armour
A: antennae 3, claws 2, hooves 1, camouflage 1, berserk 1, blurry vision 1,
deformed body, deterioration 1, fire resistance 1, ignite blood, magic shield,
magic regeneration, flame cloud immunity, sanguine armour 2
}: 1/15 runes: decaying
a: Renounce Religion, Evoke Blink


You were on level 3 of the Lair of Beasts.
You worshipped Xom.
You were a special plaything of Xom.
You visited 6 branches of the dungeon, and saw 30 of its levels.
You also visited: Ossuary and Ice Cave.

You collected 6307 gold pieces.
You spent 622 gold pieces at shops.

Inventory:

Hand Weapons
 a - a +0 mace of chaos
 V - a +1 great mace of protection (weapon)
 Z - a +4 dire flail
Missiles
 L - 8 curare-tipped darts (quivered)
Armour
 E - a +0 cloak (worn)
 I - a +3 scale mail of poison resistance (worn)
Jewellery
 q - a +6 ring of strength
 v - an uncursed amulet of regeneration
 y - the ring of Rationality (left claw) {+Blink MR+ Int-5 Dex+6 Slay+2}
   (You acquired it on level 10 of the Dungeon)

   [ring of dexterity]

   It affects your intelligence (-5).
   It affects your dexterity (+6).
   It affects your accuracy and damage with ranged weapons and melee attacks
   (+2).
   It affects your resistance to hostile enchantments.
   It lets you blink.
 O - an uncursed ring of protection from magic
 S - the ring of Katenaa (right claw) {MP+9 Slay+3}
   (Xom gifted it to you on level 14 of the Dungeon)

   [ring of magical power]

   It affects your accuracy and damage with ranged weapons and melee attacks
   (+3).
   It affects your magic capacity (+9).
 U - an uncursed ring of flight
 W - an amulet of magic regeneration (around neck)
Wands
 b - a wand of acid (5)
 s - a wand of random effects (38)
 t - a wand of digging (14)
 w - a wand of paralysis (6)
 H - a wand of polymorph (22)
 Q - a wand of iceblast (43)
Scrolls
 c - 7 scrolls of teleportation
 h - 27 scrolls of remove curse
 j - 2 scrolls of enchant armour
 k - 4 scrolls of fog
 m - 6 scrolls of blinking
 p - 7 scrolls of immolation
 z - 7 scrolls of amnesia
 B - 7 scrolls of enchant weapon
 D - 5 scrolls of magic mapping
 K - a scroll of identify
 N - 3 scrolls of silence
 T - a scroll of holy word
 X - a scroll of vulnerability
 Y - 3 scrolls of fear
Potions
 f - 7 potions of heal wounds
 g - 7 potions of curing
 i - 6 potions of flight
 l - 8 potions of stabbing
 n - 3 potions of mutation
 o - 2 potions of lignification
 r - 2 potions of might
 C - 2 potions of magic
 F - a potion of cancellation
 G - 7 potions of ambrosia
 J - 5 potions of haste
 P - a potion of berserk rage
 R - 3 potions of brilliance
Miscellaneous
 e - a tin of tremorstones (3/3)
 x - a lightning rod (4/4)
 A - a condenser vane (2/2)


   Skills:
 * Level 19.5 Fighting
 * Level 16.5 Maces & Flails
 + Level 13.3 Armour
 - Level 8.2 Dodging
 + Level 12.8 Evocations


You had 16 spell levels left.
You knew the following spells:

 Your Spells              Type           Power        Failure   Level
a - Animate Skeleton      Necr           #.....       63%         1

Your spell library contained the following spells:

 Spells                   Type           Power        Failure   Level
 Beastly Appendage        Tmut           #.....       63%         1
 Freeze                   Ice            #...         63%         1
 Magic Dart               Conj           #...         63%         1
 Pain                     Necr           #...         63%         1
 Blink                    Tloc           N/A          77%         2
 Call Imp                 Summ           #.......     77%         2
 Searing Ray              Conj           #.....       77%         2
 Slow                     Hex            #.......     77%         2
 Wereblood                Tmut           #.......     77%         2
 Conjure Flame            Conj/Fire      #.......     94%         3
 Dazzling Flash           Conj/Hex       #.....       94%         3
 Frozen Ramparts          Ice            #.....       94%         3
 Gell's Gravitas          Tloc           #.........   94%         3
 Lesser Beckoning         Tloc           #.........   94%         3
 Mephitic Cloud           Conj/Pois/Air  #.......     94%         3
 Ozocubu's Armour         Ice            #.......     94%         3
 Spider Form              Tmut/Pois      #.........   94%         3
 Teleport Other           Tloc           #.......     94%         3
 Vampiric Draining        Necr           #.........   94%         3
 Animate Dead             Necr           #.........   100%        4
 Fulminant Prism          Conj/Hex       #.........   100%        4
 Hailstorm                Conj/Ice       #.......     100%        4
 Ice Form                 Ice/Tmut       #.......     100%        4
 Iskenderun's Mystic Bla  Conj/Tloc      #.......     100%        4
 Passage of Golubria      Tloc           N/A          100%        4
 Summon Ice Beast         Ice/Summ       #.......     100%        4
 Summon Lightning Spire   Summ/Air       #.......     100%        4
 Agony                    Necr           #.......     100%        5
 Blade Hands              Tmut           #.........   100%        5
 Bolt of Magma            Conj/Fire/Erth #.........   100%        5
 Iskenderun's Battlesphe  Conj           #.......     100%        5
 Silence                  Hex/Air        #.........   100%        5
 Conjure Ball Lightning   Conj/Air       #.........   100%        6
 Iron Shot                Conj/Erth      #.........   100%        6
 Orb of Destruction       Conj           #.........   100%        7
 Spellforged Servitor     Conj/Summ      #.........   100%        7
 Tornado                  Air            #.........   100%        9


Dungeon Overview and Level Annotations

Branches:
Dungeon (15/15)            Temple (0/1) D:4            Lair (6/6) D:8
  Swamp (4/4) Lair:2       Spider (1/4) Lair:3        Slime (0/5) Lair:6
    Orc (2/2) D:9             Elf (2/3) Orc:2        Vaults (0/5) D:14
 Depths (0/5) D:15        Ossuary (visited)           IceCv (visited)

Altars:
Cheibriados
Fedhas
Nemelex Xobeh
Okawaru
Ru
Sif Muna
Trog
Xom
Zin

Shops:
D:4 (   D:8 =   D:9 *   Orc:2 (**[

Annotations:
Lair:3 exclusion: 4 oklob plants
Orc:1 1 runed translucent door, exclusion: 4 orange crystal statues


Innate Abilities, Weirdness & Mutations

You have a pair of large antennae on your head. (SInv)
Your flesh is heat resistant. (rF+)
Your demonic aura causes spilled blood to erupt in flames.
When hurt, damage is shared between your health and your magic reserves.
You regenerate magic rapidly.
You are immune to clouds of flame.
When seriously injured, your bleeding wounds create thick armour. (AC +9)
You have very sharp fingernails.
You have large cloven feet.
Your skin changes colour to match your surroundings (Stealth+).
You tend to lose your temper in combat.
Scrolls take you a little longer to read.
Armour fits poorly on your strangely shaped body.
Your body sometimes deteriorates upon taking damage.


Message History

The iceblast engulfs the spark wasp!
The spark wasp is severely wounded.
The iceblast engulfs the white imp!!
The white imp partially resists.
You kill the white imp!
The wolf spider hits you but does no damage.
The wolf spider closely misses you.
Evoke which item? (* to show all) (? for menu, Esc to quit)
Press: ? - help, Shift-Dir - straight line, f - iron imp, p - wolf spider
Aim: an iron imp (summoned)
The bolt of acid misses the spark wasp.
The bolt of acid hits the iron imp!!
The iron imp is splashed with acid!
The acid corrodes the iron imp!
You kill the iron imp!
The wolf spider hits you!
* * * LOW HITPOINT WARNING * * *
The wolf spider barely misses you. The spark wasp stings you!!
* * * LOW HITPOINT WARNING * * *
The spark wasp shocks you!
* * * LOW HITPOINT WARNING * * *
The spark wasp stings you!
You die...

..##............#...#.....#
..+....##................##
.......##............#...###
.......##...........≈#.....##
..#....##.......#.≈≈≈.≈≈≈.#.##
..##...#........≈≈○≈≈.≈≈.≈##.##
..###..##........≈≈.≈.≈.≈≈###.##
...##............y≈≈...≈≈≈#
##†##
...............☼@s...>....##
##.#
...............§.≈≈≈..P≈≈≈≈# ###
...#....###....).≈≈.≈.≈.≈≈##
.#..#..## #......≈.≈≈.≈≈.≈#
.####.## #.......≈≈≈.≈≈≈.##
.###..## ##....##.#≈##.....#
..###..###....###.####...### ..#
#...###...##...# #...# .##
#.........###..###...###


You could see a spark wasp and a wolf spider.

Vanquished Creatures
  Jorgrun (Swamp:2)
  2 tentacled monstrosities
  Kirke (D:12)
  2 thorn hunters (Swamp:1)
  An orc warlord (Elf:2)
  A balrug (Swamp:4)
  An entropy weaver (D:15)
  An ettin (D:9)
  A deep elf death mage (Elf:1)
  Josephine (Lair:5)
  A green death (Swamp:4)
  23 hydras
  A ghost crab (Swamp:2)
  A boulder beetle (Lair:3)
  3 centaur warriors
  2 shambling mangroves
  21 dancing weapons
  6 two-headed ogres
  A queen ant (Lair:3)
  2 tengu warriors (D:15)
  6 alligators
  An ogre mage (D:14)
  A thrashing horror (Swamp:4)
  A vampire mage (D:14)
  3 death yaks (Lair:6)
  9 orc high priests
  12 deep elf knights
  Nergalle (D:9)
  6 spriggans
  A death drake (Lair:3)
  3 skeletal warriors
  A flayed ghost (D:10)
  2 unseen horrors
  A spriggan druid (Swamp:2)
  A wizard (D:15)
  6 swamp dragons
  13 orc knights
  2 necromancers
  9 deep elf archers
  A lindwurm (Lair:6)
  An oklob plant (Lair:3)
  32 deep elf magi
  4 wolf spiders (Lair:3)
  16 ugly things
  4 cyclopes
  2 frost giant zombies (D:15)
  A moth of wrath (Lair:3)
  2 manticores
  An orc sorcerer (Orc:2)
  8 black mambas
  21 elephants
  2 gargoyles
  2 ice statues (IceCv)
  A rust devil (IceCv)
  2 orange demons (Swamp:4)
  31 cane toads
  2 cane toads (shapeshifter)
  6 rime drakes
  5 demonic crawlers (Lair:3)
  A kobold demonologist (D:13)
  10 komodo dragons
  4 ice devils (IceCv)
  7 trolls
  A tengu conjurer (D:15)
  3 jumping spiders (Lair:3)
  A queen bee (Lair:2)
  9 hornets
  3 polar bears
  9 bog bodies
  11 tyrant leeches
  19 slime creatures
  A dream sheep (shapeshifter) (D:7)
  19 blink frogs
  5 air elementals (Elf:1)
  10 redbacks (Lair:3)
  A spriggan (shapeshifter) (Lair:2)
  7 wraiths
  3 large abominations
  A spriggan skeleton (D:15)
  A tarantella (Lair:3)
  3 shadows
  15 yaks
  8 wyverns
  5 hogs
  3 fire elementals
  6 basilisks
  17 vampire mosquitoes
  2 wargs
  18 swamp worms
  20 insubstantial wisps
  A tengu zombie (D:15)
  An acid dragon (D:11)
  8 soldier ants
  14 water moccasins
  6 sky beasts
  52 orc warriors
  A swamp drake (Swamp:1)
  3 black bears
  An ogre (shapeshifter) (D:11)
  8 ogres
  2 ice beasts
  3 phantoms
  20 wolves
  3 boggarts (D:13)
  10 centaurs
  A necrophage (D:9)
  A big kobold (D:8)
  Blork the orc (D:5)
  33 bullfrogs
  A gnoll sergeant (D:13)
  5 earth elementals (Elf:2)
  2 small abominations
  A wyvern skeleton (D:9)
  6 scorpions
  36 killer bees
  26 wights
  An electric eel (Lair:6)
  3 howler monkeys
  A crimson imp (D:12)
  3 bullfrog skeletons
  3 bullfrog zombies
  7 centaur zombies
  A quasit (D:12)
  2 draconian simulacra (IceCv)
  5 hounds
  4 jellies
  36 orc priests
  2 centaur skeletons
  2 iguanas
  Natasha (twice) (D:3)
  34 orc wizards
  7 hell rats (Lair:6)
  2 spriggan simulacra (IceCv)
  32 worker ants
  A troll simulacrum (IceCv)
  2 centaur simulacra (IceCv)
  A hound zombie (D:8)
  A hound skeleton (D:4)
  Robin (D:3)
  6 gnolls
  8 adders
  2 naga simulacra (IceCv)
  An ogre simulacrum (IceCv)
  4 shadow imps
  14 white imps
  6 ufetubi
  3 adder zombies
  2 worms
  A dart slug (D:2)
  6 leopard geckos
  101 orcs
  8 bats
  7 giant cockroaches
  17 goblins
  6 hobgoblins
  11 jackals
  4 quokkas
  3 ball pythons
  4 ball python skeletons (Ossuary)
  7 frilled lizards
  8 kobolds
  A kobold zombie (Ossuary)
  A leopard gecko skeleton (D:5)
  An orc skeleton (Ossuary)
  An orc zombie (Ossuary)
  11 rats
1162 creatures vanquished.

Vanquished Creatures (collateral kills)
  An ice devil (IceCv)
  A bog body (Swamp:4)
  A snapping turtle (Lair:2)
  An acid dragon (D:11)
  A swamp worm (Swamp:4)
  A wolf (Lair:1)
  A wight (D:11)
  Natasha (D:3)
  3 gnolls (D:5)
11 creatures vanquished.

Vanquished Creatures (others)
  4 dancing weapons (Elf:1)
  2 deep elf knights
  4 deep elf magi (Elf:1)
  A blink frog (Lair:1)
  A human (D:12)
  A vampire mosquito (Swamp:2)
  4 centaurs (D:11)
  An ogre (Elf:2)
  An orc priest (Elf:2)
  2 orcs (Elf:2)
  2 bushes (D:14)
  31 fungi
  108 plants
  5 withered plants (D:15)
167 creatures vanquished.

Grand Total: 1340 creatures vanquished

Notes
Turn   | Place    | Note
-------+----------+-------------------------------------------
     0 | D:1      | ANON1729 the Demonspawn Chaos Knight began the quest for
                  | the Orb.
     0 | D:1      | Reached XP level 1. HP: 18/18 MP: 1/1
    38 | D:1      | XOM: silly message
    57 | D:1      | Reached skill level 1 in Dodging
   354 | D:1      | XOM: silly message
   503 | D:1      | Gained mutation: When seriously injured, your bleeding
                  | wounds create armour. (AC +9) [demonic ancestry]
   503 | D:1      | Reached XP level 2. HP: 23/24 MP: 2/2
   601 | D:1      | XOM: divination: detect items
   752 | D:1      | XOM: divination: magic mapping
   786 | D:1      | XOM: silly message
   895 | D:1      | XOM: divination: detect items
   955 | D:1      | XOM: silly message
  1332 | D:2      | Gained mutation: Your flesh is heat resistant. (rF+)
                  | [demonic ancestry]
  1332 | D:2      | Reached XP level 3. HP: 25/29 MP: 3/3
  2033 | D:3      | XOM: silly message
  2061 | D:3      | Found a sacrificial altar of Ru.
  2101 | D:3      | Reached XP level 4. HP: 35/35 MP: 4/4
  2148 | D:3      | XOM: 1-stop teleportation journey
  2173 | D:3      | XOM: silly message
  2374 | D:3      | XOM: give mutation
  2374 | D:3      | Gained mutation: Your mind is acute. (Int +2) [Xom's grace]
  2455 | D:3      | XOM: give mutations
  2455 | D:3      | Gained mutation: You are resistant to hostile enchantments.
                  | (MR+) [Xom's grace]
  2455 | D:3      | Gained mutation: Your flesh is very heat resistant. (rF++)
                  | [Xom's grace]
  2493 | D:3      | Noticed Natasha
  2496 | D:3      | XOM: summons 4 friendly demons
  2500 | D:3      | Killed Natasha
  2500 | D:3      | Gained mutation: You have a pair of small antennae on your
                  | head. [demonic ancestry]
  2500 | D:3      | Reached XP level 5. HP: 18/42 MP: 5/5
  2616 | D:3      | Noticed Natasha
  2631 | D:3      | XOM: scenery: summon butterflies
  2646 | D:3      | Killed Natasha
  2754 | D:3      | XOM: butterfly on damage
  2757 | D:3      | HP: 2/42 [shadow imp/nerve-wracking pain (14)]
  2767 | D:3      | XOM: fake destruction
  2774 | D:3      | XOM: polymorph frilled lizard -> adder
  2776 | D:3      | XOM: snakes to sticks
  2779 | D:3      | XOM: blink monster(s)
  2782 | D:3      | XOM: cleaving
  2828 | D:2      | XOM: torment (7/42 hp)
  3151 | D:3      | Noticed Robin
  3193 | D:3      | Reached skill level 4 in Fighting
  3196 | D:3      | XOM: confuse monster(s)
  3204 | D:3      | Killed Robin
  3530 | D:3      | Noticed Jessica
  3532 | D:3      | Noticed Jessica
  3532 | D:3      | Jessica changed into Jessica the gnoll
  3532 | D:3      | XOM: polymorph Jessica -> Jessica the gnoll
  3541 | D:3      | Killed Jessica the gnoll
  3764 | D:3      | Noticed Natasha
  3770 | D:3      | Killed Natasha
  3921 | D:3      | XOM: give mutations
  3921 | D:3      | Gained mutation: Scrolls take you a little longer to read.
                  | [Xom's mischief]
  3921 | D:3      | Gained mutation: You occasionally shout uncontrollably at
                  | your foes. [Xom's mischief]
  3921 | D:3      | Lost mutation: Scrolls take you a little longer to read.
                  | [Xom's mischief]
  3992 | D:4      | Noticed a sky beast
  3999 | D:4      | Killed a sky beast
  3999 | D:4      | Gained mutation: When hurt, damage is shared between your
                  | health and your magic reserves. [demonic ancestry]
  3999 | D:4      | Reached XP level 6. HP: 37/49 MP: 6/6
  4178 | D:4      | Found Meemizig's Weapon Emporium.
  4283 | D:4      | XOM: 1-stop teleportation journey
  4544 | D:4      | Found a sparkling altar of Nemelex Xobeh.
  4546 | D:4      | Found a shimmering altar of Xom.
  4610 | D:4      | XOM: give mutation
  4610 | D:4      | Gained mutation: Your spells are a little harder to cast,
                  | but a little more powerful. [Xom's grace]
  4661 | D:4      | Found a staircase to the Ecumenical Temple.
  4712 | D:4      | XOM: potion effect (invisibility)
  4716 | D:4      | Gained mutation: When seriously injured, your bleeding
                  | wounds create thick armour. (AC +9) [demonic ancestry]
  4716 | D:4      | Reached XP level 7. HP: 51/55 MP: 5/7
  4778 | D:4      | XOM: noise
  4782 | D:4      | Found a shimmering blue altar of Sif Muna.
  4782 | D:4      | Found a snail-covered altar of Cheibriados.
  4783 | D:4      | Found a sacrificial altar of Ru.
  4812 | D:4      | XOM: summons 4 hostile demons
  5002 | D:5      | Entered Level 5 of the Dungeon
  5155 | D:5      | Reached skill level 5 in Fighting
  5375 | D:5      | Found a glowing silver altar of Zin.
  5502 | D:5      | XOM: noise
  5751 | D:5      | Noticed Blork the orc
  5780 | D:5      | Killed Blork the orc
  6092 | D:5      | Reached skill level 5 in Maces & Flails
  6092 | D:5      | Reached XP level 8. HP: 56/63 MP: 8/8
  6099 | D:5      | XOM: give mutations
  6099 | D:5      | Lost mutation: Your mind is acute. (Int +2) [Xom's
                  | mischief]
  6099 | D:5      | Gained mutation: You are frail. (-10% HP) [Xom's mischief]
  6099 | D:5      | Gained mutation: Armour fits poorly on your strangely
                  | shaped body. [Xom's mischief]
  6099 | D:5      | Gained mutation: You are very frail. (-20% HP) [Xom's
                  | mischief]
  6144 | D:5      | XOM: scenery: summon butterflies
  6151 | D:5      | XOM: god gift: lightning rod (4/4)
  6433 | D:5      | XOM: scenery: 1 doors close
  6806 | D:5      | XOM: cloud trail
  6833 | D:5      | XOM: god gift: 280 gold pieces
  7520 | D:6      | XOM: scenery: summon butterflies
  7870 | D:6      | XOM: god gift: 1069 gold pieces
  7899 | D:6      | XOM: 1-stop teleportation journey
  8342 | D:7      | Found a sand-covered staircase.
  8380 | D:7      | Reached skill level 6 in Fighting
  8380 | D:7      | Reached skill level 5 in Armour
  8386 | D:7      | XOM: 1-stop teleportation journey
  8555 | D:7      | Reached skill level 5 in Dodging
  8641 | D:7      | XOM: give mutations
  8641 | D:7      | Gained mutation: You have a beak for a mouth. [Xom's grace]
  8641 | D:7      | Gained mutation: You have large cloven feet. [Xom's grace]
  8641 | D:7      | Gained mutation: You expend magic power (3 MP) to
                  | strengthen your wands. [Xom's grace]
  8649 | Ossuary  | Entered an ossuary
  8758 | Ossuary  | Noticed a flying skull
  8771 | Ossuary  | Noticed a flying skull
  8836 | Ossuary  | XOM: 2-stop teleportation journey
  8889 | Ossuary  | XOM: give mutations
  8889 | Ossuary  | Gained mutation: You evolve. [Xom's grace]
  8889 | Ossuary  | Gained mutation: You have sharp fingernails. [Xom's grace]
  8911 | Ossuary  | Noticed a flying skull
  8923 | Ossuary  | Gained mutation: You have a pair of antennae on your head.
                  | [demonic ancestry]
  8923 | Ossuary  | Reached XP level 9. HP: 56/56 MP: 9/9
  9485 | D:7      | XOM: enchant monster (good)
  9521 | D:7      | Noticed a glowing shapeshifter
  9521 | D:7      | a bullfrog changed into a glowing shapeshifter
  9521 | D:7      | XOM: enchant monster (bad)
  9521 | D:7      | a glowing shapeshifter changed into a dream sheep
  9525 | D:7      | Reached skill level 7 in Fighting
  9587 | D:7      | Gained mutation: Your muscles are strong. (Str +2)
                  | [evolution]
  9798 | D:7      | XOM: cleaving
 10041 | D:7      | XOM: noise
 10178 | D:8      | XOM: swap monsters
 10227 | D:8      | Noticed a two-headed ogre
 10301 | D:7      | XOM: enchant monster (bad)
 10308 | D:7      | XOM: cleaving
 10309 | D:7      | XOM: chaos upgrade
 10321 | D:7      | XOM: noise
 10325 | D:7      | XOM: 7-stop teleportation journey
 10391 | D:7      | XOM: summons 1 hostile demon
 10392 | D:7      | Noticed an orange demon
 10548 | D:7      | XOM: swap monsters
 10549 | D:7      | XOM: scenery: 1 doors close
 10574 | D:7      | XOM: enchant monster (good)
 10584 | D:7      | XOM: summons friendly crimson imp
 10604 | D:7      | XOM: cleaving
 10685 | D:7      | XOM: god gift: scroll of blinking
 10787 | D:8      | XOM: god gift: 14 arrows
 10840 | D:8      | XOM: swap monsters
 10966 | D:8      | Found Pifachou's Jewellery Shoppe.
 11068 | D:8      | Reached skill level 1 in Evocations
 11530 | D:8      | Found a staircase to the Lair.
 12244 | D:9      | Gained mutation: You are immune to clouds of flame.
                  | [demonic ancestry]
 12244 | D:9      | Reached XP level 10. HP: 64/64 MP: 10/10
 12353 | D:9      | Found Juapa's Lightly-Used Armoury.
 12396 | D:9      | Found a staircase to the Orcish Mines.
 12798 | D:9      | XOM: 6-stop teleportation journey
 13041 | D:9      | Noticed a two-headed ogre
 13201 | D:8      | Gained mutation: You have supernaturally acute eyesight.
                  | (SInv) [evolution]
 13317 | D:9      | XOM: cloud trail
 13400 | D:9      | XOM: butterfly on damage
 13426 | D:9      | Killed a two-headed ogre
 13426 | D:9      | Reached skill level 8 in Fighting
 13429 | D:9      | XOM: give mutation
 14036 | D:10     | Entered Level 10 of the Dungeon
 14057 | D:10     | Noticed Nergalle
 14066 | D:10     | XOM: confuse monster(s)
 14440 | D:10     | XOM: smoke on damage
 14485 | D:10     | XOM: give mutation
 14485 | D:10     | Lost mutation: Armour fits poorly on your strangely shaped
                  | body. [Xom's mischief]
 14536 | D:10     | Noticed a flayed ghost
 14546 | D:10     | Killed a flayed ghost
 14685 | D:10     | XOM: confuse monster(s)
 14755 | D:10     | XOM: silly message
 14976 | D:9      | XOM: stat loss: -1 Dex (12/13)
 15458 | D:11     | Noticed a cyclops
 15462 | D:11     | XOM: enchant monster (bad)
 15544 | D:11     | Identified 2 scrolls of acquirement
 15547 | D:11     | XOM: summons 2 friendly demons
 15585 | D:11     | XOM: 1-stop teleportation journey
 15612 | D:11     | XOM: confusion (+ monsters)
 15633 | D:10     | Acquired the ring of Rationality {+Blink MR+ Int-5 Dex+6
                  | Slay+2}
 15641 | D:10     | Acquired 1017 gold pieces
 15860 | D:11     | Found a blossoming altar of Fedhas.
 15870 | D:11     | Noticed a two-headed ogre
 15891 | D:11     | XOM: cast spell 'Death Channel'
 15893 | D:11     | XOM: divination: magic mapping
 15903 | D:11     | XOM: 5-stop teleportation journey
 16154 | D:11     | Noticed a manticore
 16154 | D:11     | a cyclops changed into a manticore
 16154 | D:11     | XOM: polymorph cyclops -> manticore
 16155 | D:11     | XOM: fog
 16164 | D:11     | XOM: summons friendly white imp
 16176 | D:11     | a two-headed ogre changed into a shapeshifter
 16176 | D:11     | XOM: polymorph two-headed ogre -> shapeshifter
 16176 | D:11     | Noticed a guardian serpent
 16176 | D:11     | a shapeshifter changed into a guardian serpent
 16279 | D:11     | Killed a manticore
 16344 | D:11     | XOM: give mutations
 16344 | D:11     | Gained mutation: Your flesh is cold resistant. (rC+) [Xom's
                  | grace]
 16344 | D:11     | Gained mutation: You possess an exceptional clarity of
                  | mind. [Xom's grace]
 16651 | D:11     | XOM: enchant monster (good)
 16743 | D:11     | Noticed a cyclops
 16952 | D:11     | Killed a cyclops
 16952 | D:11     | Reached XP level 11. HP: 52/69 MP: 7/11
 17037 | D:10     | XOM: god gift: leather armour {god gift}
 17118 | Lair:1   | Entered Level 1 of the Lair of Beasts
 17325 | Lair:1   | XOM: potion effect (invisibility)
 17835 | Lair:1   | XOM: 1-stop teleportation journey
 17863 | Lair:1   | XOM: summons 4 friendly demons
 17869 | Lair:1   | XOM: divine lightning
 17890 | Lair:2   | XOM: polymorph water moccasin -> hornet
 17896 | Lair:2   | Noticed a shock serpent
 17896 | Lair:2   | a shapeshifter changed into a shock serpent
 17897 | Lair:2   | a shock serpent changed into a shapeshifter
 17901 | Lair:2   | Reached skill level 9 in Fighting
 17971 | Lair:2   | XOM: confuse monster(s)
 18323 | Lair:1   | Reached skill level 5 in Evocations
 18323 | Lair:1   | XOM: summons friendly shadow imp
 18484 | Lair:1   | XOM: give mutation
 18484 | Lair:1   | Lost mutation: Your spells are a little harder to cast, but
                  | a little more powerful. [Xom's mischief]
 18578 | Lair:1   | XOM: butterfly on damage
 18592 | Lair:1   | XOM: scenery: summon butterflies
 18615 | Lair:1   | XOM: noise
 18903 | Lair:1   | Lost mutation: You expend magic power (3 MP) to strengthen
                  | your wands. [evolution]
 19003 | Lair:1   | XOM: 1-stop teleportation journey
 19096 | Lair:1   | XOM: 1-stop teleportation journey
 19438 | Lair:1   | XOM: enchant monster (bad)
 20021 | Lair:2   | XOM: polymorph elephant -> snapping turtle
 20056 | Lair:2   | Lost mutation: You are very frail. (-20% HP) [potion of
                  | mutation]
 20056 | Lair:2   | Lost mutation: You are resistant to hostile enchantments.
                  | (MR+) [potion of mutation]
 20056 | Lair:2   | Gained mutation: Your flesh is very cold resistant. (rC++)
                  | [potion of mutation]
 20056 | Lair:2   | Lost mutation: You are frail. (-10% HP) [potion of
                  | mutation]
 20056 | Lair:2   | Gained mutation: You have very sharp fingernails. [potion
                  | of mutation]
 20775 | D:3      | XOM: silly message
 21078 | D:11     | Noticed a purple ugly thing
 21087 | D:11     | XOM: enchant monster (bad)
 21088 | D:11     | XOM: enchant monster (bad)
 21089 | D:11     | XOM: cast spell 'Alistair's Intoxication'
 21095 | D:11     | Killed a purple ugly thing
 21159 | D:11     | XOM: 2-stop teleportation journey
 21239 | D:11     | Noticed Urug
 21240 | D:11     | Noticed Urug
 21240 | D:11     | Urug changed into Urug the swamp worm
 21258 | D:11     | Killed Urug the swamp worm
 21350 | D:11     | XOM: give mutations
 21350 | D:11     | Gained mutation: Your flesh is almost immune to the effects
                  | of heat. (rF+++) [Xom's grace]
 21350 | D:11     | Gained mutation: Your muscles are very strong. (Str +4)
                  | [Xom's grace]
 21350 | D:11     | Gained mutation: Your skin changes colour to match your
                  | surroundings (Stealth+). [Xom's grace]
 21606 | D:11     | XOM: divine lightning
 21616 | D:11     | XOM: give mutations
 21616 | D:11     | Gained mutation: You rapidly evolve. [Xom's grace]
 21616 | D:11     | Gained mutation: You have hoof-like feet. [Xom's grace]
 21616 | D:11     | Gained mutation: Your flesh is almost immune to the effects
                  | of cold. (rC+++) [Xom's grace]
 21616 | D:11     | Gained mutation: You are agile. (Dex +2) [Xom's grace]
 21721 | D:11     | Lost mutation: Your flesh is almost immune to the effects
                  | of heat. (rF+++) [evolution]
 21721 | D:11     | Lost mutation: You rapidly evolve. [decline of evolution]
 21730 | D:11     | XOM: give mutations
 21730 | D:11     | Gained mutation: You can translocate small distances at
                  | will. [Xom's grace]
 21730 | D:11     | Gained mutation: Your spells are a little harder to cast,
                  | but a little more powerful. [Xom's grace]
 21730 | D:11     | Gained mutation: You have hooves in place of feet. [Xom's
                  | grace]
 21730 | D:11     | Gained mutation: Your natural rate of healing is unusually
                  | fast. [Xom's grace]
 22151 | D:12     | Found a frozen archway.
 22151 | D:12     | Noticed Kirke
 22152 | D:12     | XOM: 3-stop teleportation journey
 22214 | D:12     | XOM: summons 4 hostile demons
 22217 | D:12     | Noticed a lindwurm
 22222 | D:12     | XOM: polymorph white imp -> crimson imp
 22230 | D:12     | XOM: enchant monster (bad)
 22231 | D:12     | Noticed a lindwurm
 22232 | D:12     | Killed Kirke
 22232 | D:12     | Reached skill level 10 in Fighting
 22232 | D:12     | Reached XP level 12. HP: 68/97 MP: 8/12
 22235 | D:12     | XOM: fog
 22299 | IceCv    | Entered an ice cave
 22309 | IceCv    | XOM: fog
 22349 | IceCv    | XOM: polymorph ice devil -> rust devil
 22352 | IceCv    | XOM: smoke on damage
 22361 | IceCv    | XOM: swap monsters
 22447 | IceCv    | XOM: summons 12 friendly demons
 22468 | IceCv    | XOM: fog
 22469 | IceCv    | XOM: enchant monster (good)
 22587 | IceCv    | XOM: noise
 22637 | IceCv    | XOM: divination: detect items
 22688 | IceCv    | XOM: summons friendly ufetubus
 22728 | IceCv    | Got a masterwork arbalest
 22731 | IceCv    | Identified the +5 arbalest of Keihaca {freeze, rElec rN+++
                  | MR+ Dex-3} (You found it in an ice cave)
 23036 | IceCv    | XOM: noise
 23139 | D:12     | Found an iron altar of Okawaru.
 23170 | D:12     | XOM: 6-stop teleportation journey
 23607 | D:12     | XOM: scenery: summon butterflies
 23895 | D:13     | Reached skill level 10 in Maces & Flails
 23906 | D:13     | XOM: scenery: 2 doors open
 23988 | D:13     | XOM: summons 5 friendly demons
 23991 | D:13     | XOM: summons friendly shadow imp
 23993 | D:13     | XOM: noise
 24002 | D:13     | Noticed a two-headed ogre
 24004 | D:13     | Reached skill level 11 in Fighting
 24007 | D:13     | Killed a two-headed ogre
 24042 | D:13     | XOM: draining
 24111 | D:13     | XOM: smoke on damage
 24243 | D:13     | XOM: divination: detect items
 24388 | D:13     | XOM: potion effect (might)
 24596 | D:13     | Noticed a centaur warrior
 24597 | D:13     | XOM: god gift: ring mail {god gift}
 24602 | D:13     | XOM: cleaving
 24603 | D:13     | Killed a centaur warrior
 24835 | D:14     | Reached XP level 13. HP: 102/106 MP: 11/13
 24865 | D:14     | Found a gate to the Vaults.
 25029 | D:14     | XOM: cast spell 'Disjunction'
 25058 | D:14     | Reached skill level 12 in Fighting
 25064 | D:14     | XOM: enchant monster (good)
 25085 | D:14     | XOM: scenery: create altars
 25219 | D:14     | Found a bloodstained altar of Trog.
 25274 | D:14     | XOM: cleaving
 25377 | D:14     | XOM: 4-stop teleportation journey
 25693 | D:14     | XOM: chaos upgrade
 25790 | D:15     | Entered Level 15 of the Dungeon
 25886 | D:15     | XOM: blink monster(s)
 25889 | D:15     | Found a staircase to the Depths.
 25889 | D:15     | XOM: 5-stop teleportation journey
 25904 | D:14     | Reached skill level 10 in Armour
 26294 | D:15     | XOM: fog
 26323 | D:14     | XOM: god gift: ancient granite ring {god gift}
 26324 | D:14     | Got an ancient granite ring {god gift}
 26326 | D:14     | Identified the ring of Katenaa {MP+9 Slay+3} (Xom gifted it
                  | to you on level 14 of the Dungeon)
 26391 | D:15     | XOM: scenery: summon butterflies
 26401 | D:14     | XOM: god gift: 35 gold pieces
 26468 | D:15     | XOM: cleaving
 26577 | D:15     | XOM: chaos upgrade
 26579 | D:15     | Paralysed by a wizard for 5 turns
 26688 | D:15     | Noticed an entropy weaver
 26688 | D:15     | a boulder beetle changed into an entropy weaver
 26688 | D:15     | XOM: polymorph boulder beetle -> entropy weaver
 26692 | D:15     | XOM: summons friendly ufetubus
 26697 | D:15     | Killed an entropy weaver
 26740 | D:15     | XOM: give mutation
 26740 | D:15     | Lost mutation: Your muscles are very strong. (Str +4)
                  | [Xom's mischief]
 27123 | D:9      | XOM: give mutations
 27123 | D:9      | Lost mutation: Your muscles are strong. (Str +2) [Xom's
                  | mischief]
 27123 | D:9      | Lost mutation: You possess an exceptional clarity of mind.
                  | [Xom's mischief]
 27207 | Lair:1   | XOM: enchant monster (good)
 27247 | Lair:2   | XOM: polymorph cane toad -> hog
 27331 | Lair:2   | XOM: divination: detect creatures
 27339 | Lair:2   | XOM: potion effect (haste)
 27350 | Lair:2   | Reached skill level 13 in Fighting
 27368 | Lair:2   | Gained mutation: You regenerate magic rapidly. [demonic
                  | ancestry]
 27368 | Lair:2   | Reached XP level 14. HP: 68/118 MP: 14/14
 27536 | Lair:2   | XOM: cast spell 'Summon Ice Beast'
 27554 | Lair:2   | XOM: silly message
 27659 | Lair:2   | XOM: silly message
 27663 | Lair:2   | XOM: cast spell 'Summon Ice Beast'
 27677 | Lair:2   | XOM: divination: magic mapping
 27791 | Lair:2   | XOM: divination: detect items
 27916 | Lair:2   | XOM: silly message
 28083 | Lair:2   | XOM: divination: magic mapping
 28157 | Lair:2   | XOM: potion effect (curing)
 28178 | Lair:2   | Lost mutation: You are agile. (Dex +2) [evolution]
 28262 | Lair:2   | XOM: silly message
 28270 | Lair:2   | XOM: divination: detect creatures
 28273 | Lair:2   | XOM: divination: detect creatures
 28280 | Lair:2   | XOM: silly message
 28318 | Lair:2   | XOM: cast spell 'Leda's Liquefaction'
 28344 | Lair:2   | XOM: divination: detect items
 28347 | Lair:2   | XOM: potion effect (stabbing)
 28350 | Lair:2   | XOM: silly message
 28396 | Lair:2   | XOM: silly message
 28402 | Lair:2   | XOM: divination: detect items
 28765 | Lair:2   | Found a staircase to the Swamp.
 29036 | Lair:3   | XOM: silly message
 29101 | Lair:3   | XOM: summons friendly ufetubus
 29106 | Lair:3   | XOM: confusion
 29299 | Lair:3   | XOM: confusion
 29406 | Lair:3   | XOM: 6-stop teleportation journey
 29413 | Lair:3   | XOM: noise
 29503 | Lair:3   | XOM: silly message
 29517 | Lair:3   | XOM: confusion (+ monsters)
 29729 | Lair:3   | Found a hole to the Spider Nest.
 29757 | Lair:3   | Got a glimmering short sword
 29771 | Lair:3   | XOM: 1-stop teleportation journey
 30086 | Lair:3   | XOM: smoke on damage
 30262 | Lair:3   | XOM: 2-stop teleportation journey
 30839 | Lair:4   | XOM: enchant monster (bad)
 30917 | Lair:4   | Reached skill level 14 in Fighting
 31135 | Lair:4   | XOM: divination: detect creatures
 31483 | Lair:4   | XOM: noise
 31624 | Lair:4   | Identified the +11 short sword "Rasuras" {protect, Dex+3}
                  | (You found it on level 3 of the Lair of Beasts)
 31747 | Lair:5   | XOM: confuse monster(s)
 31832 | Lair:5   | XOM: silly message
 31867 | Lair:5   | Reached skill level 10 in Evocations
 31958 | Lair:5   | Noticed Josephine
 31972 | Lair:5   | XOM: confuse monster(s)
 31977 | Lair:5   | Killed Josephine
 32236 | Lair:6   | Entered Level 6 of the Lair of Beasts
 32253 | Lair:6   | Found a staircase to the Slime Pits.
 32346 | Lair:6   | XOM: snakes to sticks
 32354 | Lair:6   | Gained mutation: You have a pair of large antennae on your
                  | head. (SInv) [demonic ancestry]
 32354 | Lair:6   | Reached XP level 15. HP: 104/127 MP: 15/15
 32461 | Lair:6   | XOM: enchant monster (good)
 32488 | Lair:6   | XOM: cast spell 'Dispersal'
 32498 | Lair:6   | XOM: enchant monster (good)
 32553 | Lair:6   | XOM: confusion (+ monsters)
 32727 | Lair:6   | XOM: confuse monster(s)
 32778 | Lair:6   | XOM: confuse monster(s)
 32981 | Lair:6   | XOM: confuse monster(s)
 33298 | Lair:6   | XOM: potion effect (invisibility)
 33308 | Lair:6   | Reached skill level 15 in Fighting
 33428 | Lair:6   | XOM: divination: detect creatures
 33587 | Lair:6   | XOM: potion effect (heal wounds)
 33745 | Lair:6   | XOM: noise
 33818 | Lair:6   | XOM: silly message
 33884 | Lair:3   | XOM: silly message
 33887 | Lair:3   | Gained mutation: Your muscles are strong. (Str +2)
                  | [evolution]
 33994 | D:9      | XOM: potion effect (brilliance)
 34000 | D:9      | Killed Nergalle
 34036 | D:9      | Learned a level 1 spell: Animate Skeleton
 34063 | Orc:1    | Entered Level 1 of the Orcish Mines
 34071 | Orc:1    | XOM: cast spell 'Leda's Liquefaction'
 34120 | D:9      | XOM: cast spell 'Call Canine Familiar'
 34754 | Orc:1    | Found a runed translucent door.
 34761 | Orc:1    | Found the +10 tower shield of Ignorance {rN+ Int-4}
 34825 | Orc:1    | Found a runed translucent door.
 34892 | Orc:1    | XOM: silly message
 35027 | Orc:1    | XOM: confuse monster(s)
 35185 | Orc:2    | Entered Level 2 of the Orcish Mines
 35275 | Orc:2    | XOM: cast spell 'Alistair's Intoxication'
 35300 | Orc:2    | XOM: noise
 35609 | Orc:2    | XOM: divination: detect items
 35643 | Orc:2    | XOM: potion effect (stabbing)
 35658 | Orc:2    | XOM: noise
 35677 | Orc:2    | XOM: divination: magic mapping
 35685 | Orc:2    | XOM: noise
 35692 | Orc:2    | XOM: silly message
 36195 | Orc:2    | XOM: swap monsters
 36199 | Orc:2    | Reached skill level 16 in Fighting
 36236 | Orc:2    | Found Ynoin's General Store.
 36237 | Orc:2    | Found Enuss's Assorted Antiques.
 36237 | Orc:2    | Found Hicvewih's Magic Scroll Shop.
 36237 | Orc:2    | XOM is BORED!
 36237 | Orc:2    | XOM: noise
 36295 | Orc:2    | Found Vitoo's Antique Armour Shop.
 36302 | Orc:2    | Bought a steaming leather armour for 175 gold pieces
 36303 | Orc:2    | Bought a scroll of teleportation for 60 gold pieces
 36303 | Orc:2    | Bought a scroll of identify for 40 gold pieces
 36303 | Orc:2    | Identified the +1 leather armour of Dust Devil {Dex+3} (You
                  | bought it in a shop on level 2 of the Orcish Mines)
 36308 | Orc:2    | Bought a scroll of identify for 30 gold pieces
 36308 | Orc:2    | Bought a scroll of magic mapping for 52 gold pieces
 36308 | Orc:2    | Bought a potion of heal wounds for 75 gold pieces
 36395 | Orc:2    | Found a staircase to the Elven Halls.
 36406 | Orc:2    | XOM: swap monsters
 36474 | Orc:2    | XOM: noise
 36558 | Orc:2    | Found Fikhad's Antique Weapon Boutique.
 36704 | Orc:2    | Bought a runed great mace for 190 gold pieces
 36774 | Elf:1    | Entered Level 1 of the Elven Halls
 36906 | Elf:1    | XOM: cloud trail
 36933 | Elf:1    | XOM: divination: magic mapping
 37101 | Elf:1    | XOM: scenery: 1 doors close
 37310 | Elf:1    | XOM: torment (76/132 hp)
 37488 | Elf:1    | Reached XP level 16. HP: 116/139 MP: 16/16
 37718 | Elf:1    | XOM: stat loss: -1 Str (18/19)
 37723 | Elf:1    | XOM: torment (67/139 hp)
 37900 | Elf:1    | XOM: give mutations
 37900 | Elf:1    | Lost mutation: You occasionally shout uncontrollably at
                  | your foes. [Xom's mischief]
 37900 | Elf:1    | Lost mutation: Your spells are a little harder to cast, but
                  | a little more powerful. [Xom's mischief]
 37900 | Elf:1    | Lost mutation: You can translocate small distances at will.
                  | [Xom's mischief]
 38343 | Elf:1    | XOM: chaos cloud
 38363 | Elf:1    | XOM: enchant monster (bad)
 38364 | Elf:1    | XOM: chaos upgrade
 38446 | Elf:1    | XOM: silly message
 38619 | Elf:2    | XOM: noise
 38703 | Elf:2    | XOM: chaos upgrade
 38712 | Elf:2    | XOM: blink monster(s)
 38717 | Elf:2    | Reached skill level 17 in Fighting
 38735 | Elf:2    | XOM: 1-stop teleportation journey
 38763 | Elf:2    | XOM: confusion
 38934 | Elf:2    | XOM: confusion
 38935 | Elf:2    | XOM: 2-stop teleportation journey
 39113 | Elf:2    | XOM: summons 2 hostile demons
 39185 | Elf:2    | XOM: cast spell 'Metabolic Englaciation'
 39195 | Elf:2    | XOM: destruction
 39312 | Elf:2    | XOM: destruction
 39341 | Elf:2    | XOM: scenery: 1 doors open, 1 doors close
 39361 | Elf:2    | XOM: divination: detect items
 39366 | Elf:2    | Reached skill level 15 in Maces & Flails
 39373 | Elf:2    | XOM: polymorph ice beast -> scorpion
 39378 | Elf:2    | XOM: scenery: 1 doors close
 39662 | Elf:2    | Lost mutation: You have hooves in place of feet.
                  | [evolution]
 39897 | Elf:2    | Found a huge runed translucent gate.
 39897 | Elf:2    | Found a huge runed translucent gate.
 39897 | Elf:2    | Found a huge runed translucent gate.
 39903 | Elf:2    | Found a huge runed translucent gate.
 39903 | Elf:2    | Found a huge runed translucent gate.
 40055 | Elf:2    | XOM: fog
 40077 | Elf:2    | Reached skill level 18 in Fighting
 40238 | Elf:2    | XOM: confuse monster(s)
 40325 | Elf:2    | XOM: 1-stop teleportation journey
 40782 | Elf:2    | XOM: summons 3 friendly demons
 40784 | Elf:2    | XOM: summons friendly white imp
 40785 | Elf:2    | XOM: polymorph iron imp -> crimson imp
 40947 | Elf:2    | XOM: 10-stop teleportation journey
 41017 | Elf:2    | XOM: give mutations
 41017 | Elf:2    | Gained mutation: You have claws for hands. [Xom's grace]
 41017 | Elf:2    | Gained mutation: You have hooves in place of feet. [Xom's
                  | grace]
 41202 | Elf:2    | XOM: god gift: wand of digging (3)
 41281 | Elf:1    | XOM: noise
 41507 | Spider:1 | Entered Level 1 of the Spider Nest
 41615 | Lair:3   | Gained mutation: Your demonic aura causes spilled blood to
                  | erupt in flames. [demonic ancestry]
 41615 | Lair:3   | Reached XP level 17. HP: 47/151 MP: 17/17
 41779 | Lair:3   | XOM: scenery: summon butterflies
 42179 | Swamp:1  | Entered Level 1 of the Swamp
 42240 | Swamp:1  | XOM: polymorph swamp drake -> worker ant
 42252 | Swamp:1  | XOM: confuse monster(s)
 42450 | Swamp:1  | XOM: divination: magic mapping
 42520 | Swamp:1  | XOM: fog
 42706 | Swamp:1  | XOM: fog
 42792 | Swamp:1  | XOM: polymorph tyrant leech -> slime creature
 43103 | Swamp:2  | XOM: noise
 43151 | Swamp:2  | Lost mutation: Your flesh is almost immune to the effects
                  | of cold. (rC+++) [evolution]
 43168 | Swamp:2  | XOM: confuse monster(s)
 43176 | Swamp:2  | XOM: enchant monster (bad)
 43371 | Swamp:2  | XOM: polymorph slime creature -> tyrant leech
 43400 | Swamp:2  | XOM: divination: magic mapping
 43495 | Swamp:2  | XOM: summons 1 hostile demon
 43499 | Swamp:2  | XOM: fake destruction
 43999 | Swamp:2  | XOM: give mutations
 43999 | Swamp:2  | Lost mutation: Your muscles are strong. (Str +2) [Xom's
                  | mischief]
 43999 | Swamp:2  | Lost mutation: Your flesh is very heat resistant. (rF++)
                  | [Xom's mischief]
 43999 | Swamp:2  | Lost mutation: Your natural rate of healing is unusually
                  | fast. [Xom's mischief]
 44351 | Swamp:3  | Reached skill level 19 in Fighting
 44357 | Swamp:3  | Noticed Jorgrun
 44643 | Swamp:2  | Killed Jorgrun
 45177 | Swamp:3  | XOM: silly message
 45262 | Swamp:3  | XOM is BORED!
 45262 | Swamp:3  | XOM: give mutations
 45262 | Swamp:3  | Lost mutation: You have supernaturally acute eyesight.
                  | (SInv) [Xom's mischief]
 45262 | Swamp:3  | Lost mutation: You have claws for hands. [Xom's mischief]
 45559 | Swamp:3  | Acquired 953 gold pieces
 45732 | Swamp:3  | Noticed a tentacled monstrosity
 45733 | Swamp:3  | XOM: divination: detect creatures
 45741 | Swamp:3  | Killed a tentacled monstrosity
 46185 | Swamp:4  | Entered Level 4 of the Swamp
 46185 | Swamp:4  | XOM: give mutation
 46185 | Swamp:4  | Gained mutation: Your system is resistant to poisons.
                  | (rPois) [Xom's grace]
 46354 | Swamp:4  | XOM: 2-stop teleportation journey
 46462 | Swamp:4  | XOM is BORED!
 46470 | Swamp:4  | XOM: god gift: weird smoking staff {god gift}
 46602 | Swamp:4  | XOM: summons 6 friendly demons
 46757 | Swamp:4  | XOM: cloud trail
 46920 | Swamp:4  | XOM: confuse monster(s)
 47084 | Swamp:4  | XOM: enchant monster (good)
 47449 | Swamp:4  | XOM: give mutations
 47449 | Swamp:4  | Lost mutation: Your flesh is very cold resistant. (rC++)
                  | [Xom's mischief]
 47449 | Swamp:4  | Lost mutation: Your system is resistant to poisons. (rPois)
                  | [Xom's mischief]
 47449 | Swamp:4  | Lost mutation: Your flesh is cold resistant. (rC+) [Xom's
                  | mischief]
 47449 | Swamp:4  | Lost mutation: You have hooves in place of feet. [Xom's
                  | mischief]
 47482 | Swamp:4  | XOM: silly message
 47486 | Swamp:4  | XOM: cleaving
 47599 | Swamp:4  | Noticed a tentacled monstrosity
 47607 | Swamp:4  | XOM: noise
 47620 | Swamp:4  | Killed a tentacled monstrosity
 47924 | Swamp:4  | XOM: silly message
 48168 | Swamp:4  | XOM: give mutations
 48168 | Swamp:4  | Lost mutation: You have a beak for a mouth. [Xom's
                  | mischief]
 48168 | Swamp:4  | Lost mutation: You have hoof-like feet. [Xom's mischief]
 48238 | Swamp:4  | XOM: noise
 48239 | Swamp:4  | XOM: polymorph green death -> balrug
 48243 | Swamp:4  | XOM: enchant monster (good)
 48257 | Swamp:4  | Reached XP level 18. HP: 100/160 MP: 18/18
 48279 | Swamp:4  | XOM: divination: magic mapping
 48309 | Swamp:3  | XOM: divination: detect creatures
 48337 | Swamp:3  | XOM: silly message
 48493 | Swamp:3  | XOM: silly message
 48626 | Swamp:4  | XOM: divination: detect creatures
 48636 | Swamp:4  | Got a decaying rune of Zot
 48787 | Swamp:4  | XOM: give mutations
 48787 | Swamp:4  | Gained mutation: Scrolls take you a little longer to read.
                  | [Xom's mischief]
 48787 | Swamp:4  | Gained mutation: Armour fits poorly on your strangely
                  | shaped body. [Xom's mischief]
 48787 | Swamp:4  | Gained mutation: You tend to lose your temper in combat.
                  | [Xom's mischief]
 49121 | Lair:3   | XOM is BORED!
 49121 | Lair:3   | XOM: stat loss: -1 Dex (18/19)
 49201 | Lair:3   | XOM: noise
 49241 | Lair:3   | XOM: summons 10 hostile demons
 49273 | Lair:3   | XOM: chaos cloud
 49280 | Lair:3   | Paralysed by you for 3 turns
 49335 | Lair:3   | XOM: give mutations
 49335 | Lair:3   | Gained mutation: You are agile. (Dex +2) [Xom's mischief]
 49335 | Lair:3   | Gained mutation: Your body sometimes deteriorates upon
                  | taking damage. [Xom's mischief]
 49505 | Lair:3   | XOM: confuse monster(s)
 49647 | Lair:3   | Lost mutation: You are agile. (Dex +2) [evolution]
 49647 | Lair:3   | Lost mutation: You evolve. [end of evolution]
 49720 | Lair:3   | XOM: summons 3 hostile demons
 49734 | Lair:3   | XOM: god gift: 5 datura-tipped darts
 49735 | Lair:3   | XOM: swap monsters
 49747 | Lair:3   | XOM: summons 2 hostile demons
 49751 | Lair:3   | HP: 6/160 [spark wasp (10)]
 49751 | Lair:3   | Slain by a spark wasp

Illustrated notes

Levels and vault maps discovered:
D:1:      lemuel_arrival_broad_hall, layout_loops_ring
D:2:      layout_loops_ring
D:3:      layout_rooms, nicolae_ru_path_of_blood, uniq_jessica, uniq_natasha,
          uniq_robin
D:4:      layout_rooms, gammafunk_temple_overflow_forgotten,
          chequers_temple_overflow_statue_of_worship,
          minmay_temple_entry_enclosed_plants, serial_shops, shop
D:5:      layout_basic, lemuel_doored_altar, uniq_blork_the_orc
D:6:      minmay_inner_zag, layout_basic, minmay_misc_feat_encased
D:7:      layout_loops_corners, nicolae_ossuary_entry_false_entrances
D:8:      layout_loops_corners, dpeg_oklobed_lair, serial_shops, shop,
          minmay_misc_feat_chi
D:9:      layout_rooms, orc_0_dummy, minmay_shop_damaged
D:10:     layout_irregular_city, kennysheep_just_a_vault, uniq_nergalle
D:11:     layout_stronghold, fedhas_altar_3, uniq_urug
D:12:     layout_stronghold, portal_ice_cave_entry_imps,
          okawaru_ov_weapons_minmay, uniq_kirke
D:13:     layout_roguey, minmay_joined_circles
D:14:     layout_roguey, david_vaults_2, trog_ov_bears_minmay
D:15:     gammafunk_depths_entry_grave, layout_rooms, minmay_misc_feat_iff
Lair:1:   layout_cave_pods
Lair:2:   regret_index_bee_streams, layout_regular_city,
          palyth_hydra_swamp_entry
Lair:3:   layout_regular_city, spider_nest_entry_a, zaba_antful_of_joy,
          minmay_lair_oklob_chamber, serial_bayou_shore_b, grunt_megastairs_4
Lair:4:   layout_loops_ring
Lair:5:   layout_misc_corridors, uniq_josephine
Lair:6:   minmay_lair_end_frog_pond, layout_regular_city, slime_dummy,
          chequers_serial_rivers_small_b, chequers_serial_rivers_micro_a,
          infiniplex_staircase_pool_2
Swamp:1:  layout_basic_swamp, nicolae_swamp_round_clearing
Swamp:2:  layout_basic_swamp, evilmike_swamp_ruin_house_1
Swamp:3:  layout_falls_marsh, evilmike_swamp_ruin_house_5, uniq_jorgrun
Swamp:4:  swamp_vile, layout_basic_swamp
Spider:1: cheibrodos_forgotten_conduit, uniq_rupert
Orc:1:    layout_diamond_mine, chequers_guarded_unrand_ignorance
Orc:2:    st_orc_pillars, layout_caves, serial_shops, nicolae_shop_stone
Elf:1:    eino_elf_arrival_customs, layout_onion_city, minivault_28,
          nicolae_elf_glass_and_crystal_pillar_2
Elf:2:    layout_geoelf_grid, special_room [special_room_orc]

Skill      XL: |  1  2  3  4  5  6  7  8  9 10 11 12 13 14 15 16 17 |
---------------+----------------------------------------------------+-----
Dodging        | 1 2 3 4 5 6 7 8 |  8.2
Armour         | 2 3 4 5 6 7 8 9 10 11 12 13 | 13.3
Maces & Flails | 3 4 5 6 7 8 9 10 12 13 14 15 16 | 16.5
Fighting       | 4 5 6 7 8 10 11 13 14 16 18 19 | 19.5
Evocations     | 2 4 6 7 9 10 11 12 | 12.8

Action                   |  1- 3 |  4- 6 |  7- 9 | 10-12 | 13-15 | 16-18 || total
-------------------------+-------+-------+-------+-------+-------+-------++-------
Melee: Mace              |   149 |   162 |   555 |   690 |   681 |       ||  2237
       Kick              |       |       |    90 |   300 |   684 |   412 ||  1486
       Peck              |       |       |    51 |   212 |   411 |   219 ||   893
       Dire flail        |       |       |       |       |   795 |   355 ||  1150
       Unarmed           |       |       |       |       |       |     6 ||     6
       Great mace        |       |       |       |       |       |   643 ||   643
Throw: Dart              |       |     5 |    14 |    14 |     3 |       ||    36
 Abil: Evoke Blink       |       |       |       |     3 |       |     5 ||     8
Evoke: Lightning rod     |       |       |     7 |     6 |       |     4 ||    17
       Wand              |       |       |       |    12 |     6 |    12 ||    30
       Condenser vane    |       |       |       |     3 |     2 |       ||     5
       Tin of tremorston |       |       |       |       |       |     1 ||     1
  Use: Scroll            |       |       |     2 |    20 |    14 |    13 ||    49
       Potion            |       |       |       |     8 |       |     5 ||    13
 Stab: Paralysed         |       |     2 |     7 |    17 |    17 |       ||    43
       Petrified         |       |       |     5 |     6 |    21 |       ||    32
       Invisible         |       |       |     3 |     1 |     1 |     1 ||     6
       Petrifying        |       |       |     4 |     4 |     7 |     1 ||    16
       Sleeping          |       |       |     2 |     1 |       |       ||     3
       Confused          |       |       |     4 |     3 |     9 |       ||    16
       Distracted        |       |       |       |     2 |     1 |       ||     3
Armor: Leather armour    |    86 |    85 |    60 |       |       |       ||   231
       Robe              |       |       |   104 |    25 |       |       ||   129
       Ring mail         |       |       |       |    95 |       |       ||    95
       Scale mail        |       |       |       |    39 |   471 |   519 ||  1029
Dodge: Dodged            |   121 |   138 |   449 |   491 |   976 |   856 ||  3031

Table legend: (Time is in decaauts)
 A = Elapsed time spent in this place.
 B = Non-inter-level travel time spent in this place.
 C = Inter-level travel time spent in this place.
 D = Time resting spent in this place.
 E = Time spent auto-exploring this place.
 F = Levels seen in this place.
 G = Mean time per level.
                   A        B        C        D        E       F      G
               +--------+--------+--------+--------+--------+-----+--------+
         Total |  49661 |  46239 |   3422 |  13647 |  22862 |  32 | 1551.9 |
       Dungeon |  23190 |  21138 |   2052 |   5962 |  10875 |  15 | 1546.0 |
          Lair |  11243 |  10437 |    806 |   3157 |   5420 |   6 | 1873.8 |
         Swamp |   7028 |   6876 |    152 |   2194 |   3480 |   4 | 1757.0 |
   Spider Nest |     15 |     15 |      0 |      0 |      0 |   1 |   15.0 |
  Orcish Mines |   2394 |   2201 |    193 |    398 |   1115 |   2 | 1197.0 |
   Elven Halls |   4377 |   4160 |    217 |   1287 |   1917 |   2 | 2188.5 |
       Ossuary |    660 |    660 |      0 |    303 |     41 |   1 |  660.0 |
      Ice Cave |    751 |    751 |      0 |    344 |     14 |   1 |  751.0 |
               +--------+--------+--------+--------+--------+-----+--------+

Top non-repeatable levels by time:
  Lair:3: 3023 daAuts
  Lair:1: 2762 daAuts
  Lair:2: 2566 daAuts
     D:9: 2442 daAuts
   Elf:2: 2346 daAuts
     D:8: 2322 daAuts
    D:11: 2220 daAuts
 Swamp:4: 2210 daAuts
 Swamp:3: 2137 daAuts
   Elf:1: 2030 daAuts
     D:3: 1782 daAuts
     D:6: 1726 daAuts
     D:5: 1725 daAuts
     D:7: 1702 daAuts
 Swamp:2: 1701 daAuts
